 Dungeon Crawl Stone Soup version 0.31-a0-369-g8eba5f6939 (webtiles) character file.

Game seed: 18434718669507306121

34 EonArisen the Trooper (level 3, -4/29 HPs)
             Began as a Demonspawn Berserker on July 28, 2023.
             Was a Believer of Trog.
             Slain by Sigmund
             ... wielding a +0 scythe
              (12 damage)
             ... on level 2 of the Dungeon.
             The game lasted 00:06:43 (950 turns).

EonArisen the Trooper (Demonspawn Berserker)         Turns: 950, Time: 00:06:43

Health: -4/29      AC:  2    Str: 19    XL:     3   Next: 14%
Magic:  3/3        EV: 12    Int:  8    God:    Trog [**....]
Gold:   4          SH:  0    Dex: 12    Spells: 2/2 levels left

rFire   . . .        a - +0 falchion
rCold   . . .        (no shield)
rNeg    . . .        b - +0 animal skin
rPois   .            (no helmet)
rElec   .            (no cloak)
rCorr   .            (no gloves)
SInv    .            (no boots)
Will    ++...        (no amulet)
Stlth   +            (no ring)
HPRegen 1.24/turn    (no ring)
MPRegen 0.08/turn

%: no passive effects
@: strong-willed, regenerating
A: demonic guardian 1, sturdy frame 1
a: Renounce Religion, Berserk, Trog's Hand


You were on level 2 of the Dungeon.
You worshipped Trog.
Trog was pleased with you.
You visited 1 branch of the dungeon, and saw 2 of its levels.

You collected 4 gold pieces.

Inventory:

Hand Weapons
 a - a +0 falchion (weapon)
 d - a +0 sling
Missiles
 c - 13 stones (quivered)
Armour
 b - a +0 animal skin (worn)


   Skills:
 + Level 3.4 Fighting
 + Level 3.3 Long Blades
 + Level 1.8 Armour
 + Level 1.9 Dodging


You had 2 spell levels left.
You didn't know any spells.
Your spell library was empty.

Dungeon Overview and Level Annotations

Branches:
Dungeon (2/15)

Altars:

Annotations:
D:2 Sigmund


Innate Abilities, Weirdness & Mutations

A weak demonic guardian rushes to your aid.
Your movements are slightly less encumbered by armour. (ER -2)


Message History

Found a robe.
You slash the giant cockroach!
You kill the giant cockroach!
Trog accepts your kill.
Sigmund and a hobgoblin come into view.
Sigmund shouts!
The hobgoblin shouts!
Sigmund casts a spell.
Sigmund flickers and vanishes!
Deactivating autopickup; reactivate with Ctrl-A.
You closely miss the bat. The bat hits you but does no damage. x2
The rat bites you but does no damage. The hobgoblin closely misses you.
The bat misses you.
You hit the bat.
You kill the bat!
Trog accepts your kill. Something hits you.
The hobgoblin hits you but does no damage.
The rat closely misses you. x2; The hobgoblin hits you.
Something hits you. The rat bites you. The hobgoblin hits you.
You see here a bat corpse.
You completely miss the hobgoblin. Something hits you!
* * * LOW HITPOINT WARNING * * *
A demonic guardian appears!
The rat barely misses you. The hobgoblin hits you.
* * * LOW HITPOINT WARNING * * *
Your skin crawls.
You feel strong-willed. The rat misses you. The hobgoblin misses you.
Your ufetubus hits the hobgoblin. x2
The hobgoblin dies!
Trog accepts your kill. Something hits you.
* * * LOW HITPOINT WARNING * * *
The rat bites you but does no damage.
You swap places.
Something barely misses you. The rat barely misses you.
You see here a bat corpse.
You slash the rat!
You kill the rat!
Trog accepts your kill. Something hits you!
You die...

#.##...# .##
#.##...# ..
#<##...# #.#
#####...#
..##...'...#
####..#.###...#
...#{#.#######
#.###[#.#......#
#.....@†5......#
#####.#.##.....#
....<# .....#
.......# .....#
#........ .....#
#......## #.####
#....... ..
.#...... #.


You could see a friendly ufetubus (summoned).

Vanquished Creatures
  3 dart slugs (D:1)
  An endoplasm (D:1)
  3 giant cockroaches
  4 hobgoblins (D:1)
  A quokka (D:1)
  A ball python (D:1)
  6 bats
  4 kobolds (D:1)
  4 rats
27 creatures vanquished.

Vanquished Creatures (collateral kills)
  A hobgoblin (D:2)
1 creature vanquished.

Grand Total: 28 creatures vanquished

Notes
Turn   | Place    | Note
-------+----------+-------------------------------------------
     0 | D:1      | EonArisen the Demonspawn Berserker began the quest for the
                  | Orb.
     0 | D:1      | Reached XP level 1. HP: 18/18 MP: 1/1
   286 | D:1      | Gained mutation: Your movements are slightly less
                  | encumbered by armour. (ER -2) [demonic ancestry]
   286 | D:1      | Reached XP level 2. HP: 19/24 MP: 2/2
   826 | D:1      | Reached ** piety under Trog
   844 | D:1      | Gained mutation: A weak demonic guardian rushes to your
                  | aid. [demonic ancestry]
   844 | D:1      | Reached XP level 3. HP: 29/29 MP: 3/3
   939 | D:2      | Noticed Sigmund
   950 | D:2      | Slain by Sigmund

Illustrated notes

Levels and vault maps discovered:
D:1:      matt_arrival_spirals, layout_basic, minmay_misc_feat_secret_circle
D:2:      layout_basic, nicolae_houndstooth_variations, uniq_sigmund

Skill      XL: |  1 |
---------------+----+-----
Long Blades    | 3 |  3.3
Fighting       | |  3.4
Armour         | |  1.8
Dodging        | |  1.9

Action                     || total
---------------------------++-------
  Melee: Falchion          ||    91
 Invoke: Trog's Hand       ||     1
    Use: Scroll            ||     1
 Armour: Animal skin       ||    29
  Dodge: Dodged            ||    72

Table legend: (Time is in decaauts)
 A = Elapsed time spent in this place.
 B = Non-inter-level travel time spent in this place.
 C = Inter-level travel time spent in this place.
 D = Time resting spent in this place.
 E = Time spent auto-exploring this place.
 F = Levels seen in this place.
 G = Mean time per level.
                   A        B        C        D        E       F      G
               +--------+--------+--------+--------+--------+-----+--------+
         Total |    964 |    944 |     20 |    239 |     68 |   2 |  482.0 |
       Dungeon |    964 |    944 |     20 |    239 |     68 |   2 |  482.0 |
               +--------+--------+--------+--------+--------+-----+--------+

Top non-repeatable levels by time:
     D:1: 878 daAuts
     D:2: 86 daAuts
